 Dungeon Crawl Stone Soup version 0.23-a0-565-g3e74e4c (console) character file.

1385 Duffy the Cleaver (level 8, 67/72 HPs)
             Began as a Deep Dwarf Gladiator on Dec 13, 2018.
             Was a Believer of Makhleb.
             Quit the game on level 6 of the Dungeon.
             The game lasted 00:07:19 (4602 turns).

Duffy the Cleaver (Deep Dwarf Gladiator)            Turns: 4602, Time: 00:07:20

Health: 67/72      AC: 12    Str: 20    XL:     8   Next: 40%
Magic:  8/8        EV: 11    Int: 11    God:    Makhleb [**....]
Gold:   265        SH:  0    Dex: 17    Spells: 7/7 levels left

rFire    . . .     SeeInvis .   C - +2 broad axe (chop)
rCold    . . .     Gourm    .   (no shield)
rNeg     + . .     Faith    .   n - +0 chain mail
rPois    +         Spirit   .   w - +1 helmet of Lethargy {+Blink rN+ Int+2 Dex+3}
rElec    .         Reflect  .   (no cloak)
rCorr    +         Harm     .   r - +0 pair of gloves
MR       +....                  (no boots)
Stlth    ..........             (no amulet)
HPRegen  0.00/turn              t - ring of resist corrosion
MPRegen  0.11/turn              l - ring of poison resistance

@: non-regenerating
A: damage resistance, heal wounds, sense surroundings 1, no regeneration
a: Heal Wounds, Minor Destruction, Renounce Religion, Evoke Blink


You were on level 6 of the Dungeon.
You worshipped Makhleb.
Makhleb was pleased with you.
You were not hungry.

You visited 1 branch of the dungeon, and saw 7 of its levels.

You collected 265 gold pieces.

Inventory:

Hand Weapons
 a - a +0 war axe
 C - a +2 broad axe of chopping (weapon)
Missiles
 d - 3 throwing nets (quivered)
Armour
 n - a +0 chain mail (worn)
 r - a +0 pair of gloves (worn)
 w - the +1 helmet of Lethargy (worn) {+Blink rN+ Int+2 Dex+3}
   (You found it on level 7 of the Dungeon)

   It affects your intelligence (+2).
   It affects your dexterity (+3).
   It protects you from negative energy.
   It lets you blink.
Jewellery
 i - an uncursed ring of fire
 l - a ring of poison resistance (right hand)
 t - a ring of resist corrosion (left hand)
 u - an uncursed ring of ice
Wands
 v - a wand of random effects (24)
 x - a wand of scattershot (7)
 y - a wand of iceblast (7)
Scrolls
 b - 4 scrolls of remove curse
 g - a scroll of fear {unknown}
 h - a scroll of enchant weapon {unknown}
 j - 3 scrolls of teleportation {unknown}
 m - a scroll of immolation {unknown}
 p - a scroll of amnesia {unknown}
 A - a scroll of brand weapon {unknown}
 B - a scroll of fog {unknown}
Potions
 c - a potion of flight
 e - a potion of haste
 k - a potion of cancellation
 o - a potion of heal wounds
 q - a potion of resistance
 s - a potion of invisibility
Comestibles
 f - 7 rations
 z - 13 chunks of flesh


   Skills:
 + Level 4.1 Fighting
 - Level 11.8 Axes
 - Level 1.7 Throwing
 + Level 4.3 Armour
 + Level 5.6 Dodging
 + Level 2.3 Invocations
 + Level 2.3 Evocations


You had 7 spell levels left.
You didn't know any spells.
Your spell library was empty.

Dungeon Overview and Level Annotations

Branches:
Dungeon (7/15)             Temple (0/1) D:4

Altars:
Ashenzari
Makhleb
Qazlal

Annotations:
D:4 Blork the orc


Innate Abilities, Weirdness & Mutations

You are resistant to damage.
You can heal yourself by infusing magical energy.
You passively map a small area around you.
You do not regenerate.


Message History

You see here a bullfrog skeleton. x2
You butcher the quokka corpse.
z - 13 chunks of flesh (gained 2)
You see here a quokka skeleton. x2
B - a scroll labeled PERUAST BOAMON You now have 265 gold pieces (gained 11).
As you open the door, it creaks loudly!
There is an open door here.
C - a scroll of identify
D - a scroll labeled UTHYJA KESULE
As you read the scroll of identify, it crumbles to dust.
D - a scroll of acquirement [a] Weapon [b] Armour [c] Jewellery [d] Book [e] Staff [f] Evocable [g] Food [h] Gold (you have $265)
What kind of item would you like to acquire? [\] known items Something appears at your feet!
C - a glowing broad axe Wield which item (- for none, * to show all)? (? for menu, Esc to quit)
C - a +2 broad axe of chopping (weapon)
Are you sure you want to abandon this character and quit the game? (Confirm

##'## #####.####
##..%## #........#
##..%..## #.###.##.#
#.......## #..##.##.#
.........####.....##.#
.........'.......###.#
.........####........#
#.......## ##.##.####
##.....## ####@#
##...## #.# ##+## #.#
#.# * #.# * #.# * #.#
#.# * *


There were no monsters in sight!

Vanquished Creatures
  A phantom (D:5)
  An ogre (D:4)
  2 centaurs
  2 bullfrogs (D:6)
  A scorpion (D:4)
  2 crimson imps (D:5)
  A centaur zombie (D:6)
  2 bullfrog zombies (D:6)
  A hound (D:5)
  2 jellies
  2 orc priests
  A bullfrog skeleton (D:4)
  Ijyb (D:4)
  2 iguanas
  2 orc wizards
  2 worker ants (D:6)
  A hound zombie (D:6)
  8 gnolls
  6 adders
  A shadow imp (D:6)
  4 oozes
  An adder skeleton (D:4)
  2 dart slugs (D:2)
  4 worms
  A leopard gecko (D:1)
  24 orcs
  3 giant cockroaches
  A hobgoblin (D:3)
  5 jackals
  6 kobolds
  4 quokkas
  3 ball pythons
  4 bats
  4 frilled lizards
  4 goblins
  2 leopard gecko skeletons
  11 rats
124 creatures vanquished.

Vanquished Creatures (others)
  2 plants (D:5)
2 creatures vanquished.

Grand Total: 126 creatures vanquished

Notes
Turn   | Place    | Note
-------+----------+-------------------------------------------
     0 | D:1      | Duffy the Deep Dwarf Gladiator began the quest for the Orb.
     0 | D:1      | Reached XP level 1. HP: 19/19 MP: 1/1
   327 | D:1      | Reached XP level 2. HP: 23/26 MP: 2/2
  1009 | D:2      | Reached skill level 1 in Armour
  1051 | D:2      | Reached skill level 4 in Axes
  1051 | D:2      | Reached XP level 3. HP: 16/32 MP: 3/3
  1327 | D:2      | Found a burning altar of Makhleb.
  1369 | D:2      | Became a worshipper of Makhleb the Destroyer
  1371 | D:2      | Reached skill level 11 in Axes
  1371 | D:2      | Reached XP level 4. HP: 18/39 MP: 4/4
  1678 | D:3      | Reached XP level 5. HP: 18/46 MP: 5/5
  2017 | D:3      | Found a stormy altar of Qazlal.
  2241 | D:3      | Reached * piety under Makhleb
  2441 | D:4      | Reached XP level 6. HP: 37/55 MP: 5/5
  2606 | D:4      | Noticed Ijyb
  2623 | D:4      | Killed Ijyb
  2727 | D:4      | Found a staircase to the Ecumenical Temple.
  2818 | D:4      | Noticed Blork the orc
  2854 | D:4      | You fall through a shaft for 3 floors!
  2869 | D:7      | Got a smoking helmet
  2880 | D:7      | Identified the +1 helmet of Lethargy {+Blink rN+ Int+2
                  | Dex+3} (You found it on level 7 of the Dungeon)
  2943 | D:5      | Entered Level 5 of the Dungeon
  2957 | D:5      | Reached XP level 7. HP: 42/62 MP: 6/6
  2997 | D:5      | Reached ** piety under Makhleb
  3339 | D:4      | Reached skill level 5 in Dodging
  3762 | D:5      | Found a shattered altar of Ashenzari.
  3767 | D:5      | Saw a vision of the Swamp and the Spider Nest.
  3767 | D:5      | Noticed a redback
  3767 | D:5      | Noticed a redback
  3767 | D:5      | Noticed a redback
  3767 | D:5      | Noticed a hornet
  3769 | D:5      | Noticed a wolf spider
  3929 | D:5      | Reached skill level 1 in Invocations
  3929 | D:5      | Reached skill level 1 in Evocations
  3929 | D:5      | Reached XP level 8. HP: 33/72 MP: 7/7
  4598 | D:6      | Identified a scroll of acquirement
  4602 | D:6      | Quit the game

Vault maps used:
D:1:      nzn_arrival_settlement, hex_large, minmay_hexomino_p4
D:2:      bloody_makhleb, first_ration, hangedman_decor_push
D:3:      grunt_qazlal_clouds
D:4:      tgw_sif, minmay_temple_entry_grid, serial_bayou_lake_a, uniq_ijyb
D:5:      grunt_ashenzari_visionary
D:6:      chequers_serial_rivers_small_3
D:7:      serial_shops, shop

Skill      XL: |  1  2  3  4  5  6  7  8 |
---------------+-------------------------+-----
Fighting       | 2 3 4 |  4.1
Armour         | 1 2 3 4 |  4.3
Axes           | 4 11 | 11.8
Dodging        | 4 5 |  5.6
Invocations    | 1 2 |  2.3
Evocations     | 1 2 |  2.3
Throwing       | |  1.7

Action                   |  1- 3 |  4- 6 |  7- 9 || total
-------------------------+-------+-------+-------++-------
Melee: War axe           |    97 |   179 |   170 ||   446
 Abil: Heal Wounds       |       |     3 |     1 ||     4
  Use: Scroll            |     6 |     1 |     6 ||    13
       Potion            |     1 |       |       ||     1
  Eat: Chunk             |     2 |     5 |     5 ||    12
Armor: Scale mail        |    13 |       |       ||    13
       Leather armour    |     3 |       |       ||     3
       Chain mail        |    40 |    93 |    64 ||   197
Dodge: Dodged            |    50 |    85 |    62 ||   197

Table legend:
 A = Non-vault XP
 B = Vault XP
 C = Vault XP percentage of total XP
 D = Non-vault monster count
 E = Vault monster count
 F = Vault count percentage of total count
                 A         B        C        D         E       F
            +---------+---------+-------+---------+---------+-------
      Total |    1854 |      39 |   2.1 |     120 |       4 |   3.2
            +---------+---------+-------+---------+---------+-------
        D:1 |      22 |       3 |  12.0 |      11 |       3 |  21.4
        D:2 |      64 |       0 |   0.0 |      20 |       0 |   0.0
        D:3 |     179 |       0 |   0.0 |      24 |       0 |   0.0
        D:4 |     441 |      36 |   7.5 |      28 |       1 |   3.4
        D:5 |     516 |       0 |   0.0 |      19 |       0 |   0.0
        D:6 |     581 |       0 |   0.0 |      14 |       0 |   0.0
        D:7 |      51 |       0 |   0.0 |       4 |       0 |   0.0
            +---------+---------+-------+---------+---------+-------
